 Dungeon Crawl Stone Soup version 0.22-a0-395-gfed312b (webtiles) character file.

21 Kairos the Chopper (level 2, -1/28 HPs)
             Began as a Deep Dwarf Monk on May 3, 2018.
             Slain by Sigmund
             ... wielding a +0 scythe
              (8 damage)
             ... on level 2 of the Dungeon.
             The game lasted 00:00:57 (799 turns).

Kairos the Chopper (Deep Dwarf Monk)                 Turns: 799, Time: 00:00:58

Health: -1/28      AC:  2    Str: 14    XL:     2   Next: 62%
Magic:  2/2        EV: 14    Int: 10    God:
Gold:   34         SH:  0    Dex: 15    Spells: 1/1 levels left

rFire    . . .     SeeInvis .   a - +0 hand axe
rCold    . . .     Gourm    .   (no shield)
rNeg     . . .     Faith    .   b - +0 robe
rPois    .         Spirit   .   (no helmet)
rElec    .         Reflect  .   (no cloak)
rCorr    .         Harm     .   (no gloves)
MR       .....                  (no boots)
Stlth    ++........             d - amulet of magic regeneration (curse)
HPRegen  0.00/turn              (no ring)
MPRegen  0.33/turn              (no ring)

@: non-regenerating
A: damage resistance, heal wounds, sense surroundings 1, no regeneration
a: Heal Wounds


You were on level 2 of the Dungeon.
You were not hungry.

You visited 1 branch of the dungeon, and saw 2 of its levels.

You collected 34 gold pieces.

Inventory:

Hand Weapons
 a - a +0 hand axe (weapon)
Armour
 b - a +0 robe (worn)
Jewellery
 d - a cursed amulet of magic regeneration (around neck)
Scrolls
 e - 2 scrolls of identify {unknown}
 f - a scroll of fear {unknown}
 h - a scroll of magic mapping {unknown}
Potions
 g - a potion of heal wounds {unknown}
Comestibles
 c - 3 rations


   Skills:
 + Level 3.0 Fighting
 + Level 3.6 Axes
 + Level 3.5 Dodging
 + Level 2.7 Stealth


You had one spell level left.
You didn't know any spells.

Dungeon Overview and Level Annotations

Branches:
Dungeon (2/15)

Altars:

Annotations:
D:2 Sigmund


Innate Abilities, Weirdness & Mutations

You are resistant to damage.
You can heal yourself by infusing magical energy.
You passively map a small area around you.
You do not regenerate.


Message History

You hit Sigmund.
Sigmund is lightly wounded.
Sigmund misses you.
You hit Sigmund.
Sigmund is lightly wounded.
Sigmund hits you with a scythe.
You closely miss Sigmund.
Sigmund is lightly wounded.
Sigmund hits you but does no damage.
You closely miss Sigmund.
Sigmund is lightly wounded.
You hit Sigmund.
Sigmund is moderately wounded.
Sigmund casts a spell at you. The magic dart hits you!
* * * LOW HITPOINT WARNING * * *
You slash Sigmund!
Sigmund is heavily wounded.
Sigmund hits you with a scythe!
You die...

...........#.###...#
,..####.##..#
#.....# , , #.#<..#
#.#..##### ,,
#.#...# #.#......# ,
....#...#.#...##.# ,
#.#.##..#.#....#,
..#.......#....# *
###...,#.#@#..#.# ,
...,#..@.....#
,,....#...#....#, ,
,,#..<.....# * * ,
#.#.#.......* , *
#.#.#..#.##. , ,
#.#....#.# . , #
#....... * ......#*.
* , * #...,.#


You could see Sigmund.

Vanquished Creatures
  2 dart slugs (D:1)
  2 giant cockroaches
  6 goblins (D:1)
  2 kobolds (D:2)
  A bat (D:1)
  A frilled lizard (D:1)
  A rat (D:1)
15 creatures vanquished.

Notes
Turn   | Place    | Note
-------+----------+-------------------------------------------
     0 | D:1      | Kairos the Deep Dwarf Monk began the quest for the Orb.
     0 | D:1      | Reached XP level 1. HP: 20/20 MP: 1/1
   255 | D:1      | Reached XP level 2. HP: 27/27 MP: 2/2
   780 | D:2      | Noticed Sigmund
   799 | D:2      | Slain by Sigmund

Vault maps used:
D:1:      doesnt_arrival_eight_statues
D:2:      overflow_temple_1_default, uniq_terence, uniq_robin, uniq_sigmund,
          uniq_natasha

Skill      XL: |  1  2 |
---------------+-------+-----
Fighting       | 3 |  3.0
Axes           | |  3.6
Dodging        | |  3.5
Stealth        | |  2.7

Action                   || total
-------------------------++-------
Melee: Hand axe          ||    60
 Stab: Sleeping          ||     4
Armor: Robe              ||     5
Dodge: Dodged            ||    45

Table legend:
 A = Spawn XP
 B = Non-spawn XP
 C = Spawn XP percentage of total XP
 D = Spawn monster count
 E = Non-spawn monster count
 F = Spawn count percentage of total count
 G = Total turns spent on level
                    A         B        C        D         E        F      G
               +---------+---------+-------+---------+---------+-------+---------
         Total |       0 |      30 |   0.0 |       0 |      15 |   0.0 |   799
               +---------+---------+-------+---------+---------+-------+---------
           D:1 |       0 |      25 |   0.0 |       0 |      12 |   0.0 |   706
           D:2 |       0 |       5 |   0.0 |       0 |       3 |   0.0 |    93
               +---------+---------+-------+---------+---------+-------+---------
